 Dungeon Crawl Stone Soup version 0.25-a0-589-g1e14c549ee (webtiles) character file.

Game seed: 7866805750275043946, levelgen mode: deterministic

109 Eurus the Sneak (level 4, 0/22 HPs)
             Began as a Spriggan Assassin on Mar 12, 2020.
             Slain by an orc priest
             ... wielding a +0 club
              (2 damage)
             ... on level 3 of the Dungeon.
             The game lasted 00:06:20 (2197 turns).

Eurus the Sneak (Spriggan Assassin)                 Turns: 2197, Time: 00:06:21

Health: 0/22       AC:  3    Str:  7    XL:     4   Next: 60%
Magic:  5/5        EV: 19    Int: 12    God:
Gold:   119        SH:  0    Dex: 18    Spells: 3/3 levels left

rFire    . . .     SeeInvis +   a - +2 dagger
rCold    . . .     Gourm    .   (shield restricted)
rNeg     . . .     Faith    .   b - +0 robe
rPois    .         Spirit   .   (helmet restricted)
rElec    .         Reflect  .   c - +0 cloak
rCorr    .         Harm     .   (gloves unavailable)
MR       .....                  (boots unavailable)
Stlth    ++++......             (no amulet)
HPRegen  0.07/turn              (no ring)
MPRegen  0.09/turn              (no ring)

@: very quick
A: very small, unfitting armour, see invisible, herbivore, speed 3, slow
metabolism 2
a: no special abilities


You were on level 3 of the Dungeon.
You were not hungry.

You visited 1 branch of the dungeon, and saw 3 of its levels.

You collected 119 gold pieces.

Inventory:

Hand Weapons
 a - a +2 dagger (weapon)
Missiles
 d - 8 poisoned darts (quivered)
 e - 2 curare-tipped darts
Armour
 b - a +0 robe (worn)
 c - a +0 cloak (worn)
Jewellery
 k - an uncursed ring of fire
 p - an uncursed amulet of magic regeneration {unknown}
Wands
 t - a wand of clouds (7)
 v - a wand of acid (7)
Scrolls
 g - a scroll of amnesia {unknown}
 i - a scroll of identify {unknown}
 j - 3 scrolls of teleportation {unknown}
 n - a scroll of enchant weapon {unknown}
 q - 2 scrolls of enchant armour {unknown}
Potions
 h - 2 potions of curing {unknown}
 l - 2 potions of resistance {unknown}
 m - a potion of heal wounds {unknown}
 o - 2 potions of lignification {unknown}
 r - 2 potions of brilliance {unknown}
 s - a potion of stabbing {unknown}
 u - a potion of flight {unknown}
Comestibles
 f - 5 rations


   Skills:
 - Level 1.5 Fighting
 + Level 3.5 Short Blades
 - Level 2.0 Throwing
 + Level 3.9 Dodging
 + Level 7.2 Stealth


You had 3 spell levels left.
You didn't know any spells.
Your spell library was empty.

Dungeon Overview and Level Annotations

Branches:
Dungeon (3/15)

Altars:
Cheibriados


Innate Abilities, Weirdness & Mutations

You are very small and have problems with some larger weapons.
You are too small for most types of armour.
You have supernaturally acute eyesight. (SInv)
You are a herbivore.
You cover ground extremely quickly.
You need to consume almost no food.


Message History

The orc misses you.
You hit the orc.
You kill the orc!
You closely miss the orc priest. You hit the orc priest.
The orc priest is lightly wounded.
The orc priest hits you with a +0 club.
You hit the orc priest.
The orc priest is moderately wounded.
The orc priest closely misses you.
You hit the orc priest.
The orc priest is moderately wounded.
The orc priest calls down the wrath of Beogh upon you.
Beogh smites you!
Ouch! That really hurt!
* * * LOW HITPOINT WARNING * * *
You barely miss the orc priest.
The orc priest is moderately wounded.
The orc priest hits you with a +0 club.
You die...

#.#.#......##.....#####
#...............o######
########.#.#...#......########
#.##......#..#........#
#.#.....)##o...#.####.##
#.#.#..#o.....##.# #...#
#.#.#..####.#.##.# #...^.
#......####.#.##.# #...#.
####...@o)......# #####.
##(####)....## #.# #.....# #.#
#.....# ##.## #.....# ##...#
#.....# #.._.# ####### #....#
#....##########


You could see an orc priest.

Vanquished Creatures
  4 adders
  3 oozes (D:1)
  2 dart slugs (D:1)
  A leopard gecko (D:2)
  5 orcs (D:3)
  5 bats
  3 giant cockroaches
  4 goblins (D:1)
  7 hobgoblins
  4 ball pythons (D:1)
  9 frilled lizards
  3 kobolds
  6 rats
56 creatures vanquished.

Notes
Turn   | Place    | Note
-------+----------+-------------------------------------------
     0 | D:1      | Eurus the Spriggan Assassin began the quest for the Orb.
     0 | D:1      | Reached XP level 1. HP: 10/10 MP: 2/2
    21 | D:1      | Reached skill level 6 in Stealth
    44 | D:1      | Reached XP level 2. HP: 14/14 MP: 3/3
   426 | D:1      | Reached XP level 3. HP: 18/18 MP: 4/4
  1117 | D:2      | Found a faded altar of an unknown god.
  1710 | D:2      | Reached XP level 4. HP: 20/22 MP: 5/5
  1721 | D:2      | Reached skill level 7 in Stealth
  2082 | D:3      | Found a snail-covered altar of Cheibriados.
  2197 | D:3      | Slain by an orc priest

Levels and vault maps discovered:
D:1:      onia_arrival_handbag, layout_basic
D:2:      layout_basic, chequers_ecumenical_altar_simple
D:3:      layout_loops_cross, cheibriados_altar_1

Skill      XL: |  1  2  3  4 |
---------------+-------------+-----
Dodging        | 2 3 |  3.9
Stealth        | 6 7 |  7.2
Short Blades   | 3 |  3.5
Fighting       | |  1.5
Throwing       | |  2.0

Action                   |  1- 3 |  4- 6 || total
-------------------------+-------+-------++-------
Melee: Dagger            |   108 |    54 ||   162
 Stab: Sleeping          |    17 |     4 ||    21
       Distracted        |       |     1 ||     1
Armor: Robe              |     8 |     1 ||     9
Dodge: Dodged            |    66 |    34 ||   100

Table legend:
 A = Non-vault XP
 B = Vault XP
 C = Vault XP percentage of total XP
 D = Non-vault monster count
 E = Vault monster count
 F = Vault count percentage of total count
                 A         B        C        D         E       F
            +---------+---------+-------+---------+---------+-------
      Total |     141 |      16 |  10.2 |      52 |       4 |   7.1
            +---------+---------+-------+---------+---------+-------
        D:1 |      43 |      16 |  27.1 |      22 |       4 |  15.4
        D:2 |      57 |       0 |   0.0 |      15 |       0 |   0.0
        D:3 |      41 |       0 |   0.0 |      15 |       0 |   0.0
            +---------+---------+-------+---------+---------+-------
